Map: Acropolis LE

Players

Mez - Winner!

  • Race: Terran Terran
  • League: Master
  • Spawn Location: 11:00

likedontknow

  • Race: Zerg Zerg
  • League: Master
  • Spawn Location: 5:00

VOD

Have the link to the VOD?

Description

Time

  • Played on: Aug. 13, 2019, 7:06 a.m.
  • Length: 23:49
Show
View Real Time Build Order
Export as new Build Order

Mez Terran - Winner!

Build Orders: Liberator Opening, Reaper Expand 

Get SALT Encoding   

  12  0:01  SCV  
  13  0:13  SCV  
  14  0:18  Supply Depot  
  14  0:25  SCV  
  15  0:39  SCV  
  15  0:41  Barracks  
  16  0:45  Refinery  
  16  0:51  SCV  
  17  1:04  SCV  
  18  1:16  SCV  
  19  1:29  Reaper, Orbital Command  
  20  1:40  Command Center  
  20  1:50  Supply Depot  
  20  1:55  SCV  
  21  2:02  Marine  
  21  2:08  SCV  
  23  2:12  Factory  
  23  2:15  Refinery  
  23  2:20  SCV  
  24  2:25  Barracks Reactor  
  24  2:41  SCV  
  25  2:54  SCV, Orbital Command  
  25  2:58  Engineering Bay  
  25  3:12  Starport  
  25  3:17  SCV  
  25  3:18  Hellion x2  
  25  3:19  Barracks Tech Lab  
  30  3:28  SCV  
  30  3:33  SCV, Liberator  
  32  3:36  Supply Depot  
  32  3:39  Marine  
  32  3:40  Stimpack, SCV  
  34  3:42  Hellion x2  
  34  3:45  SCV  
  39  3:52  SCV  
  43  3:57  SCV  
  43  4:00  Supply Depot  
  44  4:04  SCV  
  45  4:12  Hellion x2  
  49  4:18  SCV x2  
  51  4:27  Command Center  
  51  4:30  Supply Depot  
  51  4:33  Marine  
  52  4:40  SCV x2  
  52  4:45  Starport Reactor, Barracks  
  54  4:48  Factory Reactor  
  54  4:49  Barracks  
  54  4:52  SCV x2  
  56  5:02  Supply Depot  
  56  5:04  SCV x2  
  56  5:05  Engineering Bay  
  56  5:06  Engineering Bay  
  58  5:08  Refinery x2  
  58  5:18  SCV  
  58  5:19  SCV  
  60  5:31  SCV  
  60  5:33  SCV  
  59  5:43  SCV, Orbital Command  
  59  5:44  Barracks x2  
  59  5:46  SCV, Supply Depot, Factory Reactor  
  61  5:55  SCV  
  62  5:58  Marine x5  
  62  5:59  Medivac x2  
  62  6:01  SCV  
  62  6:03  Orbital Command  
  72  6:07  SCV  
  72  6:08  Combat Shield  
  73  6:14  SCV  
  73  6:16  Marine x2  
  76  6:19  SCV  
  76  6:24  Marine, Supply Depot  
  76  6:25  Marine x2, Supply Depot  
  80  6:26  SCV, Supply Depot  
  80  6:29  Widow Mine x2  
  80  6:30  SCV  
  80  6:31  SCV  
  87  6:33  Marine  
  87  6:34  Marine  
  87  6:39  SCV  
  90  6:42  Terran Infantry Armor Level 1, SCV, Terran Infantry Weapons Level 1  
  90  6:43  SCV  
  90  6:45  Marine, Armory  
  90  6:46  Marine  
  90  6:47  Barracks Reactor  
  94  6:48  Barracks Reactor  
  94  6:53  SCV  
  95  6:54  SCV  
  95  6:58  Supply Depot  
  96  7:03  SCV  
  96  7:05  SCV  
  96  7:06  Marine x5  
  96  7:08  Widow Mine x2, Medivac x2  
  111  7:10  SCV  
  111  7:15  SCV  
  111  7:27  Marine x7  
  111  7:28  Marine x2  
  120  7:42  Medivac x2  
  120  7:43  Widow Mine x2  
  128  7:45  Marine x3  
  128  7:46  Refinery  
  128  7:47  Factory, Refinery  
  128  7:50  Command Center  
  131  8:01  Marine x2  
  133  8:09  Supply Depot  
  133  8:10  Marine x6, Supply Depot x2  
  127  8:32  Marine x5  
  127  8:33  Marine x4  
  140  8:34  Widow Mine x2, Factory Tech Lab  
  140  8:37  SCV x3  
  143  8:49  SCV  
  143  8:50  SCV x2, Marine x2  
  143  8:52  Terran Infantry Armor Level 2, Terran Infantry Weapons Level 2  
  143  8:54  Widow Mine, Drilling Claws  
  150  9:01  SCV  
  150  9:02  Supply Depot x2  
  151  9:15  Marine x6  
  151  9:16  Marine x3  
  160  9:24  Medivac x2  
  160  9:28  Widow Mine x2, Planetary Fortress  
  160  9:30  SCV x3  
  169  9:32  Starport x2  
  169  9:33  Fusion Core  
  169  9:34  Terran Vehicle And Ship Armor Level 1  
  169  9:37  Marine x9  
  174  9:42  SCV, Barracks x2  
  175  9:47  Barracks  
  163  9:58  Marine x8, Marauder  
  173  10:08  Liberator x2  
  167  10:16  Marine x5  
  167  10:20  Marauder  
  167  10:21  Marine x3  
  171  10:22  Widow Mine x3  
  186  10:34  Marine x2  
  188  10:41  Marauder  
  190  10:44  Widow Mine  
  192  10:57  Marine  
  192  10:58  Marine x7, Barracks Tech Lab  
  192  10:59  Barracks Tech Lab x2  
  194  11:17  Liberator x2  
  144  11:28  Marine x2  
  144  11:31  Marine  
  144  11:32  Marine x3, Marauder  
  151  11:33  Marauder x3  
  151  11:34  Widow Mine x3  
  159  11:48  Terran Infantry Armor Level 3, Terran Infantry Weapons Level 3  
  159  11:51  Marine  
  159  11:52  Marine x7  
  159  11:54  Marine, Marauder x3  
  169  11:55  Widow Mine  
  169  12:00  Liberator x2  
  172  12:04  Widow Mine x2  
  169  12:09  Marine x3  
  169  12:12  Marauder  
  169  12:14  Terran Vehicle And Ship Armor Level 2  
  169  12:15  Marauder x2  
  178  12:18  Starport  
  178  12:19  Starport  
  184  12:43  Marine x5, Marauder x4, Liberator x2  
  197  12:49  Marine  
  195  13:04  Marauder  
  195  13:05  Marauder x2  
  196  13:26  Starport Reactor, Starport Tech Lab  
  193  14:09  Marauder, Liberator x2  
  198  14:10  Marauder x3  
  198  14:20  Sensor Tower  
  198  14:22  Command Center  
  198  14:25  Command Center  
  198  14:28  Command Center  
  198  14:31  Sensor Tower  
  195  14:52  Viking  
  195  14:53  Viking  
  199  15:09  Refinery x2  
  198  15:20  Advanced Ballistics, Ghost Academy  
  198  15:45  Marauder  
  176  16:02  Orbital Command  
  149  16:32  Marine x9, Marauder  
  158  16:33  Marauder x2  
  158  16:35  Command Center  
  158  16:36  Orbital Command  
  161  16:44  Command Center, Supply Depot  
  161  16:46  Supply Depot  
  161  16:47  Supply Depot  
  161  16:50  Planetary Fortress  
  161  16:52  Liberator x5  
  161  16:54  Marine x6  
  162  17:00  Missile Turret x2  
  162  17:01  Missile Turret  
  167  17:02  Missile Turret x2  
  167  17:03  Missile Turret  
  167  17:06  Missile Turret  
  167  17:09  Missile Turret  
  167  17:11  Missile Turret x2  
  167  17:12  Marauder x4  
  190  17:16  Orbital Command  
  190  17:17  Refinery  
  190  17:19  Refinery  
  164  17:34  Command Center  
  164  17:35  Liberator  
  164  17:38  Missile Turret  
  164  17:40  Missile Turret  
  164  17:49  Command Center  
  167  18:00  Command Center  
  167  18:02  Command Center  
  167  18:03  Command Center  
  161  18:29  Missile Turret  
  161  18:30  Missile Turret  
  161  18:32  Missile Turret  
  161  18:41  Command Center  
  161  18:45  Liberator  
  146  18:51  Medivac x2  
  146  18:52  Medivac x2  
  146  18:53  Ghost x3  
  146  18:54  Marine x7  
  167  19:00  Factory Tech Lab  
  161  19:04  Liberator  
  158  19:28  Orbital Command  
  158  19:35  Orbital Command  
  158  19:43  Ghost x4  
  166  19:52  Liberator x3  
  144  20:08  Marine x4  
  144  20:11  Ghost x3  
  163  20:38  Nuke  
  163  20:41  Sensor Tower  
  163  20:46  Refinery  
  163  20:48  Refinery  
  121  21:18  Marine x12  
  95  21:36  Marine x3  
  95  21:38  Command Center  
  98  21:52  Marine  
  98  21:53  Marine x3, Marauder x3  
  108  21:56  Planetary Fortress  
  108  22:05  Marine  
  108  22:06  Marine x4  
  110  22:10  SCV x2, Marine  
  113  22:24  Liberator x3  
  96  22:52  Planetary Fortress  
  96  22:58  Medivac  
  96  23:21  SCV x2  
  95  23:33  SCV  
  95  23:34  SCV  
Show
View Real Time Build Order
Export as new Build Order

likedontknow Zerg 

Build Orders: Hatch First 

Get SALT Encoding   

  12  0:00  Drone  
  13  0:12  Overlord  
  13  0:16  Drone  
  14  0:30  Drone x2  
  16  0:48  Hatchery  
  15  0:51  Drone  
  15  0:55  Drone  
  17  0:58  Drone  
  18  1:09  Extractor  
  17  1:14  Spawning Pool  
  17  1:16  Drone  
  17  1:20  Drone  
  18  1:28  Drone  
  19  1:38  Drone  
  20  1:49  Drone  
  21  2:01  Queen x2  
  21  2:02  Zergling x4  
  27  2:19  Hatchery  
  26  2:23  Drone x2  
  26  2:27  Overlord  
  28  2:36  Metabolic Boost  
  28  2:45  Queen  
  28  2:48  Overlord  
  28  2:50  Drone x3  
  33  2:53  Drone  
  34  3:00  Drone x2  
  35  3:06  Overlord  
  35  3:14  Drone  
  35  3:15  Drone x2  
  35  3:19  Overlord  
  38  3:21  Zergling x2  
  39  3:27  Drone  
  39  3:32  Queen  
  42  3:34  Drone x2  
  42  3:35  Drone  
  45  3:41  Drone  
  45  3:46  Queen  
  45  3:47  Drone  
  45  3:48  Drone x4  
  53  3:52  Overlord  
  53  4:05  Drone x6  
  53  4:09  Baneling Nest  
  58  4:10  Queen  
  58  4:14  Overlord  
  60  4:20  Overlord  
  60  4:23  Queen  
  62  4:26  Drone x2  
  62  4:27  Drone x2  
  66  4:31  Spore Crawler  
  66  4:33  Spore Crawler  
  66  4:35  Spore Crawler  
  61  4:40  Zergling x2  
  61  4:41  Zergling x2  
  63  4:47  Zergling x10  
  63  4:48  Hatchery  
  63  4:51  Overlord  
  67  4:54  Lair  
  67  5:00  Zergling x6  
  68  5:15  Baneling x4  
  64  5:35  Drone x6  
  68  5:36  Drone  
  68  5:39  Drone x2  
  68  5:40  Drone x2, Extractor  
  68  5:41  Zergling x4  
  68  5:42  Zergling x2  
  77  5:54  Extractor x2  
  75  6:01  Zergling x8  
  75  6:02  Zergling x4, Queen  
  83  6:06  Drone x3  
  83  6:07  Overlord  
  83  6:10  Drone x2, Extractor  
  87  6:11  Extractor  
  87  6:13  Evolution Chamber x2  
  87  6:14  Drone  
  87  6:15  Overlord x2, Drone x2  
  87  6:22  Overlord  
  87  6:23  Overlord  
  87  6:25  Centrifical Hooks  
  87  6:32  Overseer  
  87  6:36  Drone x9  
  96  6:53  Drone x2  
  98  6:55  Infestation Pit  
  98  7:01  Drone x8, Extractor  
  102  7:02  Drone x2, Extractor  
  102  7:05  Baneling x7  
  102  7:06  Baneling x2  
  102  7:10  Zergling x16  
  102  7:13  Baneling x4  
  110  7:17  Zergling x10  
  110  7:18  Zergling x6  
  109  7:30  Zergling x6  
  109  7:31  Zergling x10  
  117  7:40  Drone x3  
  117  7:41  Drone x4  
  117  7:42  Drone x3  
  126  7:48  Zerg Ground Armor Level 1, Zerg Melee Weapons Level 1  
  126  7:49  Pathogen Glands  
  127  8:12  Drone  
  127  8:13  Drone x5, Hatchery  
  127  8:14  Drone x2  
  127  8:15  Drone  
  134  8:22  Zergling x2  
  134  8:23  Zergling x4  
  134  8:24  Overlord x2  
  134  8:25  Overlord, Overseer  
  135  8:28  Overseer  
  135  8:30  Overlord x2  
  135  8:37  Baneling x6  
  135  8:38  Baneling x2  
  135  8:41  Hive  
  135  8:50  Zergling x36  
  135  8:51  Zergling x2  
  154  8:59  Overlord  
  154  9:09  Hatchery  
  153  9:10  Lair  
  153  9:12  Burrow  
  149  9:39  Baneling x4  
  149  9:40  Baneling x4  
  149  9:41  Zergling x2  
  149  9:42  Zergling x40  
  149  9:45  Zerg Ground Armor Level 2, Zerg Melee Weapons Level 2  
  170  9:50  Extractor  
  170  9:51  Extractor  
  165  9:54  Drone x3  
  158  10:11  Drone x5  
  158  10:12  Drone  
  158  10:13  Drone x6  
  169  10:16  Ultralisk Cavern  
  169  10:17  Adrenal Glands, Neural Parasite  
  165  10:23  Spire  
  165  10:25  Queen  
  166  10:30  Overlord x2  
  166  10:45  Hydralisk Den  
  166  10:47  Baneling  
  166  10:48  Baneling x19  
  166  10:50  Zergling x34  
  166  10:56  Spore Crawler  
  181  10:58  Overseer, Spine Crawler  
  172  11:18  Zergling x22  
  153  11:19  Zergling x4  
  124  11:33  Chitinous Plating  
  119  11:42  Ultralisk x5  
  134  11:48  Drone x4  
  134  11:49  Drone x6  
  141  11:55  Greater Spire  
  141  12:00  Extractor  
  139  12:03  Extractor  
  139  12:04  Zerg Melee Weapons Level 3, Zerg Ground Armor Level 3  
  134  12:11  Zergling x2  
  134  12:16  Corruptor x10  
  154  12:25  Hatchery  
  153  12:33  Corruptor x2  
  153  12:34  Corruptor x2  
  153  12:37  Baneling x3  
  161  12:38  Zergling x2  
  161  12:39  Zergling x24  
  168  12:47  Muscular Augments  
  168  12:52  Anabolic Synthesis  
  166  13:12  Zerg Flyer Armor Level 1  
  165  13:33  Overseer  
  165  13:37  Baneling  
  165  13:38  Baneling x17  
  165  13:45  Drone x10  
  175  13:48  Queen  
  177  13:58  Grooved Spines, Zergling x40, Extractor  
  177  13:59  Zergling x6, Extractor  
  198  14:05  Queen  
  194  14:16  Corruptor x2  
  194  14:17  Corruptor  
  170  14:35  Ultralisk x3  
  183  14:45  Zerg Missile Weapons Level 1  
  183  14:51  Spine Crawler  
  183  14:52  Spine Crawler  
  181  15:00  Hatchery  
  181  15:02  Spine Crawler  
  181  15:03  Spine Crawler  
  181  15:04  Drone x5  
  181  15:05  Spine Crawler  
  181  15:06  Hatchery, Zerg Flyer Weapons Level 1, Spine Crawler  
  175  15:16  Spore Crawler  
  175  15:17  Drone x4, Spore Crawler  
  175  15:18  Drone x2  
  175  15:19  Spore Crawler  
  178  15:21  Spore Crawler  
  177  15:55  Zergling x26  
  177  15:56  Zergling x12, Hatchery  
  189  15:58  Overlord x2  
  188  16:16  Extractor  
  188  16:18  Zergling x24  
  196  16:19  Hatchery, Extractor  
  183  16:36  Queen  
  185  16:48  Baneling  
  185  16:49  Baneling x22  
  185  16:51  Overlord x2  
  185  16:52  Overseer  
  185  17:00  Zerg Flyer Armor Level 2  
  185  17:07  Spine Crawler  
  185  17:08  Spore Crawler, Spine Crawler x3  
  182  17:14  Drone x7  
  182  17:15  Drone x2, Spine Crawler  
  188  17:16  Spine Crawler  
  164  17:31  Zergling x2  
  164  17:32  Zergling x48  
  186  17:44  Zerg Missile Weapons Level 2  
  186  17:54  Overseer  
  186  17:55  Nydus Network  
  181  18:47  Baneling  
  181  18:48  Baneling x17  
  179  19:20  Zerg Flyer Armor Level 3  
  179  19:23  Baneling x16  
  179  19:25  Zergling x40  
  179  19:28  Overseer  
  160  20:02  Zergling x14  
  160  20:03  Zergling x44  
  189  20:20  Baneling x5  
  189  20:21  Baneling x13  
  188  20:24  Nydus Canal  
  188  20:32  Zergling x2  
  188  20:33  Zergling x20  
  199  20:38  Baneling x3  
  199  20:39  Baneling x17  
  125  21:19  Zergling x2  
  125  21:20  Zergling x44  
  125  21:21  Zergling x38  
  163  21:27  Zergling x10  
  163  21:28  Zergling x4  
  154  21:42  Baneling x21  
  154  21:43  Baneling x2  
  154  21:45  Corruptor x4  
  154  21:46  Corruptor x4  
  164  21:49  Baneling  
  164  21:50  Baneling x12  
  154  22:25  Corruptor  
  154  22:26  Corruptor x4  
  164  22:34  Hatchery  
  154  22:44  Ultralisk x2  
  159  23:14  Baneling x9  
  159  23:15  Baneling x9  
  157  23:31  Overlord, Zergling x2  
  157  23:32  Zergling x12  
Tags
 
Add a new tag
Caveats
  • Supply blocks, unpowered buildings, or Contaminate may cause inaccurate times.
  • Supply counts are checked every 10 seconds.